 Dungeon Crawl Stone Soup version 0.21.1 (webtiles) character file.

1878 garbagetei the Magician (level 9, -3/69 HPs)
             Began as a Gnoll Skald on Feb 2, 2018.
             Slain by an ogre
             ... wielding a +0 giant club
              (25 damage)
             ... on level 6 of the Dungeon.
             The game lasted 00:20:03 (7371 turns).

garbagetei the Magician (Gnoll Skald)               Turns: 7371, Time: 00:20:04

Health: -3/69      AC:  4    Str: 21    XL:     9   Next: 14%
Magic:  10/18      EV: 15    Int: 16    God:
Gold:   243        SH:  0    Dex: 14    Spells: 9/20 levels left

rFire    + . .     SeeInvis .   B - +2 whip (pain)
rCold    . . .     Gourm    .   (no shield)
rNeg     . . .     Faith    .   b - +0 leather armour
rPois    .         Spirit   .   (no helmet)
rElec    .         Reflect  .   s - +0 cloak
rCorr    .         Harm     .   (no gloves)
MR       .....                  (no boots)
Stlth    ++........             (no amulet)
HPRegen  0.21/turn              y - +4 ring of strength
MPRegen  0.16/turn              D - ring of protection from fire

@: infused
A: distributed training, fangs 1, strong nose
a: no special abilities


You were on level 6 of the Dungeon.
You were not hungry.

You visited 1 branch of the dungeon, and saw 6 of its levels.

You collected 243 gold pieces.

Inventory:

Hand Weapons
 a - a +0 mace
 f - a +2 dagger of venom
 w - a +1 war axe of chopping
 B - a +2 whip of pain (weapon)
Missiles
 n - 43 sling bullets
 p - 7 needles of sleeping
 A - 25 poisoned needles
 C - 5 poisoned javelins (quivered)
Armour
 b - a +0 leather armour (worn)
 o - a +0 ring mail
 s - a +0 cloak (worn)
Jewellery
 h - a +2 ring of intelligence
 q - an uncursed ring of fire
 y - a +4 ring of strength (left hand)
 D - a ring of protection from fire (right hand)
Scrolls
 e - 11 scrolls of identify {unknown}
 g - 2 scrolls of random uselessness {unknown}
 i - 3 scrolls of remove curse
 k - a scroll of amnesia {unknown}
 l - 3 scrolls of teleportation {unknown}
 t - 3 scrolls of enchant armour {unknown}
 z - a scroll of fog {unknown}
Potions
 j - 4 potions of curing
 m - 3 potions of lignification {unknown}
 r - a potion of flight {unknown}
 u - 2 potions of might {unknown}
 v - a potion of magic {unknown}
Books
 c - a book of Battle

   Spells                             Type                      Level
   a - Infusion                       Charms                       1
   b - Shroud of Golubria             Charms/Translocation         2
   c - Song of Slaying                Charms                       2
   d - Spectral Weapon                Hexes/Charms                 3
   e - Regeneration                   Charms/Necromancy            3
 x - a book of Necromancy

   Spells                             Type                      Level
   a - Pain                           Necromancy                   1
   b - Animate Skeleton               Necromancy                   1
   c - Vampiric Draining              Necromancy                   3
   d - Regeneration                   Charms/Necromancy            3
   e - Animate Dead                   Necromancy                   4
   f - Borgnjor's Vile Clutch         Necromancy/Earth             5
Comestibles
 d - 11 rations


   Skills:
 + Level 6.1 Fighting
 + Level 3.9 Short Blades
 + Level 3.9 Long Blades
 + Level 3.9 Axes
 + Level 6.1 Maces & Flails
 + Level 3.9 Polearms
 + Level 3.9 Staves
 + Level 3.9 Slings
 + Level 3.9 Bows
 + Level 3.9 Crossbows
 + Level 3.9 Throwing
 + Level 4.7 Armour
 + Level 6.1 Dodging
 + Level 3.9 Stealth
 + Level 3.9 Shields
 + Level 3.9 Unarmed Combat
 + Level 6.4 Spellcasting
 + Level 3.2 Conjurations
 + Level 3.2 Hexes
 + Level 6.4 Charms
 + Level 3.2 Summonings
 + Level 3.2 Necromancy
 + Level 3.2 Translocations
 + Level 3.2 Transmutations
 + Level 3.2 Fire Magic
 + Level 3.2 Ice Magic
 + Level 3.2 Air Magic
 + Level 3.2 Earth Magic
 + Level 3.2 Poison Magic
 + Level 4.2 Invocations
 + Level 3.9 Evocations


You had 9 spell levels left.
You knew the following spells:

 Your Spells              Type           Power        Failure   Level  Hunger
a - Infusion              Chrm           ####         1%          1    None
b - Song of Slaying       Chrm           ####....     1%          2    None
c - Shroud of Golubria    Chrm/Tloc      ###.......   3%          2    None
d - Spectral Weapon       Hex/Chrm       ###.....     6%          3    ##.....
e - Regeneration          Chrm/Necr      ###.......   6%          3    ##.....


Dungeon Overview and Level Annotations

Branches:
Dungeon (6/15)
 Temple: D:4-7

Altars:
Hepliaklqana
Makhleb
Qazlal
Wu Jian
Zin

Shops:
D:6 :

Annotations:
D:2 2 transporters


Innate Abilities, Weirdness & Mutations

Your experience applies equally to all skills.
You have very sharp teeth.
Your uncanny sense of smell can sniff out nearby items.


Message History

Casting: Regeneration
Confirm with . or Enter, or press ? or * to list all spells.
You draw out your weapon's spirit!
The ogre hits you with a giant club!!
Casting: Spectral Weapon
Confirm with . or Enter, or press ? or * to list all spells.
Space distorts slightly along a thin shroud covering your body.
The ogre completely misses you.
Casting: Shroud of Golubria
Confirm with . or Enter, or press ? or * to list all spells.
You begin infusing your attacks with magical energy.
You hit the ogre.
The ogre writhes in agony.
The ogre is moderately wounded.
Your spectral weapon barely misses the ogre.
The ogre hits you with a giant club!!
Your shroud falls apart!
You hit the ogre.
The ogre writhes in agony.
The ogre is heavily wounded.
Your spectral weapon barely misses the ogre.
The ogre hits you with a giant club!!
You die...

..............#.......###
###########...#.⌠...⌠.#
#...#.......# ∆
##.#####'#### #.# #..#
####.####.## #.........#
#......#### #(@....#
#O###### #.............#
#.............#
#......♣......# #......
......# #...♣.. ..♣...#
#...♣.. ..♣...# +.. ♣♣♣
♣♣♣ ..'


You could see an ogre and a friendly spectral whip of pain.

Vanquished Creatures
  The ghost of bmj180 the Shield-Bearer, an amateur HaFi (D:4)
  Sigmund (D:5)
  Eustachio (D:6)
  An ice beast (D:5)
  A phantom (D:4)
  A sky beast (D:5)
  An ogre (D:5)
  A bullfrog (D:6)
  A gnoll sergeant (D:4)
  6 crimson imps
  A bullfrog zombie (D:5)
  A quasit (D:4)
  An orc priest (D:3)
  4 hounds
  An iguana (D:5)
  Natasha (thrice) (D:3)
  An orc wizard (D:6)
  2 worker ants
  2 killer bee zombies
  2 hound zombies
  5 gnolls (D:5)
  8 adders
  An ooze (D:1)
  An adder skeleton (D:4)
  A worm (D:5)
  5 dart slugs
  2 leopard geckos
  12 orcs
  6 giant cockroaches
  6 goblins
  9 hobgoblins
  18 jackals
  7 kobolds
  4 quokkas
  5 ball pythons
  A bat (D:3)
  5 frilled lizards
  A leopard gecko skeleton (D:5)
  8 rats
138 creatures vanquished.

Vanquished Creatures (others)
  A quokka (D:6)
1 creature vanquished.

Grand Total: 139 creatures vanquished

Notes
Turn   | Place    | Note
-------+----------+-------------------------------------------
     0 | D:1      | garbagetei the Gnoll Skald began the quest for the Orb.
     0 | D:1      | Reached XP level 1. HP: 20/20 MP: 6/6
     3 | D:1      | Noticed a naga
     3 | D:1      | Noticed a minotaur
     5 | D:1      | Noticed a demonspawn
     5 | D:1      | Noticed an ogre
     7 | D:1      | Noticed a demigod
     7 | D:1      | Noticed a centaur
     9 | D:1      | Noticed a draconian
    11 | D:1      | Noticed a vine stalker
    13 | D:1      | Noticed a gargoyle
    13 | D:1      | Noticed a tengu
    15 | D:1      | Noticed an octopode
    17 | D:1      | Noticed a troll
    17 | D:1      | Noticed a dwarf
    19 | D:1      | Noticed a human
    19 | D:1      | Noticed a felid
    21 | D:1      | Noticed a halfling
    23 | D:1      | Noticed a ghoul
    23 | D:1      | Noticed a merfolk
    25 | D:1      | Noticed a vampire
    25 | D:1      | Noticed a formicid
    27 | D:1      | Noticed an elf
    27 | D:1      | Noticed a spriggan
    54 | D:1      | Reached XP level 2. HP: 18/26 MP: 1/7
   343 | D:1      | Reached XP level 3. HP: 31/31 MP: 9/9
   513 | D:1      | Reached skill level 5 in Spellcasting
   739 | D:1      | Reached skill level 1 in Invocations
   888 | D:2      | Found a transporter.
   900 | D:2      | Found a transporter.
   900 | D:2      | Found a stormy altar of Qazlal.
   996 | D:2      | Reached skill level 1 in Short Blades
   996 | D:2      | Reached skill level 1 in Long Blades
   996 | D:2      | Reached skill level 1 in Axes
   996 | D:2      | Reached skill level 1 in Polearms
   996 | D:2      | Reached skill level 1 in Staves
   996 | D:2      | Reached skill level 1 in Slings
   996 | D:2      | Reached skill level 1 in Bows
   996 | D:2      | Reached skill level 1 in Crossbows
   996 | D:2      | Reached skill level 1 in Throwing
   996 | D:2      | Reached skill level 1 in Stealth
   996 | D:2      | Reached skill level 1 in Shields
   996 | D:2      | Reached skill level 1 in Unarmed Combat
   996 | D:2      | Reached skill level 1 in Evocations
   996 | D:2      | Reached XP level 4. HP: 18/38 MP: 11/11
  1907 | D:3      | Found a stormy altar of Qazlal.
  2180 | D:3      | Reached skill level 1 in Conjurations
  2180 | D:3      | Reached skill level 1 in Hexes
  2180 | D:3      | Reached skill level 1 in Summonings
  2180 | D:3      | Reached skill level 1 in Necromancy
  2180 | D:3      | Reached skill level 1 in Translocations
  2180 | D:3      | Reached skill level 1 in Transmutations
  2180 | D:3      | Reached skill level 1 in Fire Magic
  2180 | D:3      | Reached skill level 1 in Ice Magic
  2180 | D:3      | Reached skill level 1 in Air Magic
  2180 | D:3      | Reached skill level 1 in Earth Magic
  2180 | D:3      | Reached skill level 1 in Poison Magic
  2250 | D:3      | Reached XP level 5. HP: 8/43 MP: 12/12
  2622 | D:3      | Noticed Natasha
  2630 | D:3      | Killed Natasha
  2789 | D:3      | Noticed Natasha
  2796 | D:3      | Killed Natasha
  3033 | D:4      | Reached XP level 6. HP: 34/50 MP: 10/13
  3037 | D:4      | Learned a level 2 spell: Song of Slaying
  3040 | D:4      | Learned a level 2 spell: Shroud of Golubria
  3044 | D:4      | Learned a level 3 spell: Spectral Weapon
  3420 | D:4      | Noticed bmj180's ghost (amateur HaFi)
  3460 | D:3      | Noticed Natasha
  3748 | D:3      | Killed Natasha
  3748 | D:3      | Reached skill level 5 in Fighting
  3748 | D:3      | Reached skill level 5 in Maces & Flails
  3748 | D:3      | Reached skill level 5 in Dodging
  3941 | D:4      | Killed bmj180's ghost
  3941 | D:4      | Reached XP level 7. HP: 25/56 MP: 7/15
  4244 | D:4      | Found a burning altar of Makhleb.
  4491 | D:5      | Entered Level 5 of the Dungeon
  4506 | D:5      | Found an ornate altar of the Wu Jian Council.
  4592 | D:5      | Found a hazy altar of Hepliaklqana.
  5045 | D:5      | Reached XP level 8. HP: 14/63 MP: 13/16
  6008 | D:5      | Found a glowing silver altar of Zin.
  6008 | D:5      | Noticed an angel
  6209 | D:5      | Noticed Sigmund
  6256 | D:5      | Killed Sigmund
  6784 | D:6      | Found Roluf's Book Boutique.
  6875 | D:6      | Noticed Eustachio
  7070 | D:6      | Killed Eustachio
  7070 | D:6      | Reached XP level 9. HP: 41/69 MP: 11/18
  7323 | D:6      | Learned a level 3 spell: Regeneration
  7371 | D:6      | Slain by an ogre

Skill      XL: |  1  2  3  4  5  6  7  8 |
---------------+-------------------------+-----
Spellcasting   | 5 6 |  6.4
Invocations    | 1 2 3 4 |  4.2
Short Blades   | 1 2 3 |  3.9
Long Blades    | 1 2 3 |  3.9
Axes           | 1 2 3 |  3.9
Polearms       | 1 2 3 |  3.9
Staves         | 1 2 3 |  3.9
Slings         | 1 2 3 |  3.9
Bows           | 1 2 3 |  3.9
Crossbows      | 1 2 3 |  3.9
Throwing       | 1 2 3 |  3.9
Stealth        | 1 2 3 |  3.9
Shields        | 1 2 3 |  3.9
Unarmed Combat | 1 2 3 |  3.9
Evocations     | 1 2 3 |  3.9
Conjurations   | 1 2 3 |  3.2
Hexes          | 1 2 3 |  3.2
Summonings     | 1 2 3 |  3.2
Necromancy     | 1 2 3 |  3.2
Translocations | 1 2 3 |  3.2
Transmutations | 1 2 3 |  3.2
Fire Magic     | 1 2 3 |  3.2
Ice Magic      | 1 2 3 |  3.2
Air Magic      | 1 2 3 |  3.2
Earth Magic    | 1 2 3 |  3.2
Poison Magic   | 1 2 3 |  3.2
Armour         | 3 4 |  4.7
Fighting       | 5 6 |  6.1
Maces & Flails | 5 6 |  6.1
Dodging        | 5 6 |  6.1
Charms         | 6 |  6.4

Action                   |  1- 3 |  4- 6 |  7- 9 || total
-------------------------+-------+-------+-------++-------
Melee: Mace              |    32 |    89 |   142 ||   263
       Bite              |     6 |    26 |    56 ||    88
       Dagger            |    57 |    82 |    28 ||   167
       Punch             |     1 |       |     7 ||     8
       War axe           |       |    33 |    20 ||    53
       Whip              |       |       |   200 ||   200
 Cast: Infusion          |     1 |     5 |     5 ||    11
       Shroud of Golubri |       |     2 |     9 ||    11
       Spectral Weapon   |       |       |     4 ||     4
       Song of Slaying   |       |       |     1 ||     1
       Regeneration      |       |       |     1 ||     1
  Use: Scroll            |     1 |       |       ||     1
       Potion            |       |     1 |       ||     1
 Stab: Sleeping          |     1 |     3 |     4 ||     8
  Eat: Chunk             |       |    10 |     8 ||    18
       Ration            |       |       |     1 ||     1
Armor: Leather armour    |    21 |    68 |    50 ||   139
Dodge: Dodged            |    70 |   196 |   281 ||   547
